 Dungeon Crawl Stone Soup version bcrawl-1.40.2 (webtiles) character file.

Game seed: 11299891071198932560

143877 kosoiffoigrumme1174 the Ducker (level 5, -4/33 HPs)
             Began as a Vine Stalker Monk on Nov 8, 2023.
             Slain by a worker ant (5 damage)
             ... on level 4 of the Dungeon.
             The game lasted 00:04:13 (2992 turns).

kosoiffoigrumme1174 the Ducker (Vine Stalker Monk)  Turns: 2992, Time: 00:04:14

Health: -4/33      AC:  5    Str: 14    XL:     5   Next: 83%
Magic:  0/7        EV: 13    Int: 10    God:
Gold:   226        SH:  7    Dex: 17    Spells: 4/4 levels left

rFire    . . .     GDR:     28% a - +2 hand axe (vamp)
rCold    + . .     SeeInvis .   f - +0 medium shield
rNeg     . . .     Gourm    .   m - +2 leather armour {rC+}
rPois    .         Faith    .   c - +0 hat
rElec    .         Spirit   +   (no cloak)
rCorr    .         Reflect  .   (no gloves)
MR       .....                  (no boots)
Stlth    ++........             d - amulet of guardian spirit
HPRegen  0.55/turn              r - +5 ring of evasion
MPRegen  0.10/turn              (no ring)

@: lethally poisoned (-4 -> -4)
A: fangs 2, regeneration 1, no potion heal 3, rot immunity, strong jaws
a: no special abilities


You were on level 4 of the Dungeon.
You were not hungry.

You visited 2 branches of the dungeon, and saw 5 of its levels.

You collected 226 gold pieces.

Inventory:

Hand Weapons
 a - a +2 vampiric hand axe (weapon)
Missiles
 g - 562 stones
 p - 540 sling bullets
 t - 63 poisoned tomahawks (quivered)
Armour
 c - a +0 hat (worn)
 f - a +0 medium shield (worn)
 m - a +2 leather armour of cold resistance (worn)
Jewellery
 d - an amulet of guardian spirit (around neck)
 r - a +5 ring of evasion (left hand)
 v - a +8 ring of strength {unknown}
Scrolls
 b - 2 scrolls of fear {unknown}
 h - 2 scrolls of teleportation
 i - 3 scrolls of identify
 j - a scroll of amnesia {unknown}
 o - 2 scrolls of enchant armour {unknown}
 s - a scroll of immolation {unknown}
 u - a scroll of enchant weapon {unknown}
Potions
 k - a potion of flight {unknown}
 l - 2 potions of brilliance
 n - a potion of mutation {unknown}
 q - a potion of heal wounds
 w - a potion of haste {unknown}
 x - a potion of cancellation {unknown}
 z - a potion of degeneration {unknown}
 A - a potion of curing {unknown}
Comestibles
 e - 5 rations {!d}


   Skills:
 + Level 4.0 Fighting
 - Level 2.6 Axes
 + Level 4.8 Dodging
 - Level 3.0 Stealth
 + Level 2.9 Unarmed Combat
   Level 2.0 Invocations


You had 4 spell levels left.
You didn't know any spells.
Your spell library was empty.

Dungeon Overview and Level Annotations

Branches:
Dungeon (4/12)             Temple (1/1) D:4

Altars:
Ashenzari
Cheibriados
Dithmenos
Elyvilon
Fedhas
Lugonu
Nemelex Xobeh
Qazlal
Sif Muna
Vehumet
Wu Jian
Xom
Yredelemnul
Zin
The Shining One


Innate Abilities, Weirdness & Mutations

You have extremely sharp teeth.
Your natural rate of healing is unusually fast.
Potions cannot restore your health.
You are immune to rotting.
Your bites deal extra damage.


Message History

You hit the jackal but do no damage. You hit the jackal.
You feel better. The worker ant bites you.
* * * LOW HITPOINT WARNING * * *
The jackal bites you.
* * * LOW HITPOINT WARNING * * *
The jackal closely misses you. The worker ant bites you.
* * * LOW HITPOINT WARNING * * *
You are more poisoned.
The worker ant poisons you!
The jackal bites you but does no damage.
The jackal bites you.
* * * LOW HITPOINT WARNING * * *
You barely miss the jackal.
The jackal is heavily wounded.
You hit the worker ant but do no damage.
You closely miss the jackal.
You feel sick. You block the worker ant's attack.
You block the jackal's attack. x2
Unknown command.
You feel sick. The jackal misses you. The worker ant bites you.
You die...

######## ......^+ +.
.......# #. .......#
#. .......# .##
.......# ..#
.......## #.#
........## ###.##
######...######a@..#
##........h##.#
#...≈≈≈.Oh# .#
#..≈≈§≈≈..# ..
#.≈≈§§§§≈## #..
##§§§>§§§# ...
#≈§§§§≈≈# ....
#.≈≈§≈≈.# .>...
#..§§§..####...


You could see an ogre, a worker ant and 2 jackals.

Vanquished Creatures
  A crimson imp (D:2)
  3 orc wizards (D:4)
  2 adders (D:3)
  An ooze (D:3)
  A worm (D:2)
  A dart slug (D:2)
  4 leopard geckos
  5 orcs
  2 giant cockroaches
  2 goblins (D:1)
  4 hobgoblins
  5 jackals
  2 ball pythons
  4 bats
  A frilled lizard (D:3)
  7 kobolds
  11 rats
56 creatures vanquished.

Notes
Turn   | Place    | Note
-------+----------+-------------------------------------------
     0 | D:1      | kosoiffoigrumme1174 the Vine Stalker Monk began the quest
                  | for the Orb.
     0 | D:1      | Reached XP level 1. HP: 13/13 MP: 3/3
   253 | D:1      | Reached XP level 2. HP: 18/18 MP: 4/4
   540 | D:1      | Reached skill level 1 in Unarmed Combat
   895 | D:2      | Reached XP level 3. HP: 23/23 MP: 5/5
   931 | D:2      | Found a shimmering blue altar of Sif Muna.
   999 | D:2      | Found a sparkling altar of Nemelex Xobeh.
  1566 | D:3      | Reached XP level 4. HP: 28/28 MP: 6/6
  1605 | D:3      | Found a stormy altar of Qazlal.
  2458 | D:2      | Found a corrupted altar of Lugonu.
  2590 | D:2      | Found an ornate altar of the Wu Jian Council.
  2642 | D:2      | Reached XP level 5. HP: 32/32 MP: 7/7
  2828 | D:4      | Found a staircase to the Ecumenical Temple.
  2850 | Temple   | Entered the Ecumenical Temple
  2963 | D:4      | Noticed an ogre
  2992 | D:4      | HP: 1/33 [poisoned by a worker ant]
  2992 | D:4      | Slain by a worker ant

Skill      XL: |  1  2  3  4  5 |
---------------+----------------+-----
Fighting       | 3 4 |  4.0
Unarmed Combat | 1 2 |  2.9
Dodging        | 4 |  4.8
Axes           | |  2.6
Stealth        | |  3.0
Invocations    | |  2.0

Action                   |  1- 3 |  4- 6 || total
-------------------------+-------+-------++-------
Melee: Hand axe          |   151 |    73 ||   224
       Unarmed           |    39 |       ||    39
       Bite              |    14 |    10 ||    24
  Use: Scroll            |     3 |       ||     3
       Potion            |       |     2 ||     2
 Stab: Sleeping          |     7 |     2 ||     9
  Eat: Chunk             |     5 |     4 ||     9
       Ration            |     1 |     2 ||     3
Armor: Leather armour    |    47 |    42 ||    89
       Robe              |     1 |       ||     1
Dodge: Dodged            |   156 |    82 ||   238
Block: Medium shield     |    32 |    50 ||    82
